 Dungeon Crawl Stone Soup version 0.29-a0-473-gacb4ef3bc5 (webtiles) character file.

Game seed: 14174123318147511160

1136 Bruhh the Skirmisher (level 8, -5/132 HPs)
             Began as an Ogre Transmuter on May 23, 2022.
             Slain by an orc warrior
             ... wielding a +2 long sword of electrocution
              (8 damage)
             ... on level 8 of the Dungeon.
             The game lasted 00:08:18 (7384 turns).

Bruhh the Skirmisher (Ogre Transmuter)              Turns: 7384, Time: 00:08:18

Health: -5/132     AC: 24    Str: 21    XL:     8   Next: 36%
Magic:  12/15      EV:  1    Int: 16    God:
Gold:   262        SH:  5    Dex: 12    Spells: 12/17 levels left

rFire   . . .      SeeInvis .   w - +7 spear "Dolah" {flame, *Corrode rC+ Will+ Dex+3}
rCold   + . .      Faith    .   (no shield)
rNeg    . . .      Spirit   .   (body armour currently unavailable)
rPois   +          Reflect  +   (helmet currently unavailable)
rElec   .          Harm     .   (cloak currently unavailable)
rCorr   .          Rampage  .   (gloves unavailable)
Will    +....      NoTele   +   (boots unavailable)
Stlth   +.........              d - amulet of reflection
HPRegen 0.32/turn               i - +6 ring of strength
MPRegen 0.14/turn               (no ring)

@: tree-form
A: stationary, stasis, torment immunity, boosted hp, large, unfitting armour,
(tough skin 1)
a: no special abilities


You were on level 8 of the Dungeon.
You were a tree.
You visited 1 branch of the dungeon, and saw 8 of its levels.

You collected 262 gold pieces.

Inventory:

Hand Weapons
 q - the +7 dagger of Ociobb {vorpal, Fragile Fly rN++ Int+3}
   (You found it on level 3 of the Dungeon)

   It inflicts extra damage upon your enemies.
   Int:       It affects your intelligence (+3).
   rN:        It greatly protects you from negative energy.
   Fly:       It grants you flight.
   Fragile:   It will be destroyed if unequipped.
 w - the +7 spear "Dolah" (weapon) {flame, *Corrode rC+ Will+ Dex+3}
   (You found it on level 4 of the Dungeon)

   It burns those it strikes, dealing additional fire damage.
   Dex:       It affects your dexterity (+3).
   rC:        It protects you from cold.
   *Corrode:  It may corrode you when you take damage.
   Will:      It increases your willpower.
Missiles
 r - 4 throwing nets
Armour
 a - a +0 robe (melded)
Jewellery
 d - an amulet of reflection (around neck)
 i - a +6 ring of strength (left branch)
Wands
 e - a wand of iceblast (9)
 t - a wand of flame (5)
 u - a wand of paralysis (14)
 x - a wand of acid (1)
Scrolls
 f - 2 scrolls of enchant armour
 g - a scroll of enchant weapon
 j - 2 scrolls of blinking
 m - 2 scrolls of poison
 n - a scroll of torment
 o - 2 scrolls of vulnerability {unknown}
 v - 2 scrolls of teleportation {unknown}
Potions
 b - a potion of lignification
 c - a potion of resistance {unknown}
 h - 2 potions of degeneration {unknown}
 k - 2 potions of brilliance {unknown}
 l - 2 potions of heal wounds {unknown}
 p - a potion of haste {unknown}
 s - a potion of magic {unknown}
 z - a potion of might {unknown}


   Skills:
 + Level 7.7 Fighting
 - Level 1.7 Dodging
 + Level 6.0 Unarmed Combat
 - Level 5.0 Spellcasting
 - Level 3.0 Transmutations


You had 12 spell levels left.
You knew the following spells:

 Your Spells              Type           Power      Damage    Failure   Level
a - Beastly Appendage     Tmut           26%        N/A       4%          1
b - Sandblast             Erth           8%         2d5       16%         1
c - Spider Form           Tmut/Pois      8%         N/A       24%         3

Your spell library contained the following spells:

 Spells                   Type           Power      Damage    Failure   Level
 Wereblood                Tmut           13%        N/A       7%          2
 Passwall                 Tmut/Erth      6%         N/A       12%         2
 Apportation              Tloc           8%         N/A       16%         1
 Ensorcelled Hibernation  Hex/Ice        8%         N/A       22%         2
 Scorch                   Fire           8%         2d5       22%         2
 Static Discharge         Conj/Air       4%         N/A       22%         2
 Stone Arrow              Conj/Erth      8%         3d7       41%         3
 Swiftness                Air            4%         N/A       41%         3
 Ice Form                 Ice/Tmut       8%         N/A       63%         4
 Flame Wave               Conj/Fire      4%         2d5       83%         4
 Alistair's Intoxication  Tmut/Pois      5%         N/A       92%         5
 Lightning Bolt           Conj/Air       2%         1d13      99%         5
 Summon Cactus Giant      Summ           2%         N/A       100%        6
 Maxwell's Capacitive Co  Air            2%         ∞         100%        8


Dungeon Overview and Level Annotations

Branches:
Dungeon (8/15)
 Temple: D:4-7         Lair: D:8-11

Altars:

Shops:
D:4 [

Annotations:
D:2 1 runed translucent door, Crazy Yiuf


Innate Abilities, Weirdness & Mutations

You are a tree.
Your roots penetrate the ground, keeping you stationary.
You cannot be teleported.
You are immune to unholy pain and torment.
Your maximum health is greatly increased.
Your equipment is partially melded.
You are too large for most types of armour.
((You have tough skin. (AC +1)))


Message History

There is a stone staircase leading down here.
The orc warrior hits you with a +2 long sword of electrocution.
You are electrocuted!!
You climb downwards.
There is a stone staircase leading up here.
Casting: Beastly Appendage (safe; 4% risk of failure)
Confirm with . or Enter, or press ? or * to list all spells.
You turn into a venomous arachnid creature.
The +7 spear "Dolah" {flame, *Corrode rC+ Will+ Dex+3} melds into your body.
Your +0 robe melds into your body.
The +7 spear "Dolah" {flame, *Corrode rC+ Will+ Dex+3} stops flaming.
The orc warrior misses you.
You hit the orc warrior.
The orc warrior is poisoned.
The orc warrior is heavily wounded.
The orc warrior hits you with a +2 long sword of electrocution!
You hit the orc warrior but do no damage.
The orc warrior looks as sick as possible!
The orc warrior is heavily wounded.
The orc warrior hits you with a +2 long sword of electrocution!
You hit the orc warrior but do no damage.
The orc warrior is heavily wounded.
The orc warrior misses you.
You hit the orc warrior but do no damage.
The orc warrior looks as sick as possible!
The orc warrior is heavily wounded.
The orc warrior hits you with a +2 long sword of electrocution!
* * * LOW HITPOINT WARNING * * *
You are electrocuted!
* * * LOW HITPOINT WARNING * * *
Really quaff the potion of lignification?
Your transformation has ended.
The +7 spear "Dolah" {flame, *Corrode rC+ Will+ Dex+3} unmelds from your body.
Your +0 robe unmelds from your body.
The +7 spear "Dolah" {flame, *Corrode rC+ Will+ Dex+3} bursts into flame!
You turn into a tree.
Your +0 robe melds into your body.
Your roots penetrate the ground.
The orc warrior hits you with a +2 long sword of electrocution.
* * * LOW HITPOINT WARNING * * *
You are electrocuted!
You die...

##############
#............# ####
#............+ ....
#............# ####
#.......♣o...#
#............###########
#..>...................#
#.........)..#########.#
#............# #.##
#.....[......# ##o.#
#............#


#goo# #............# #ggo# #............# ####gg.. You could see an orc warrior
(extremely poisoned).

Vanquished Creatures
  Sigmund (D:2)
  A water moccasin (D:5)
  A phantom (D:5)
  A kobold brigand (D:7)
  A bullfrog (D:8)
  2 scorpions (D:4)
  An orc priest (D:5)
  A jelly (D:4)
  Terence (D:2)
  An iguana (D:5)
  An orc wizard (D:3)
  Natasha (thrice) (D:2)
  12 adders
  7 gnolls (D:3)
  6 dart slugs
  2 worms
  22 orcs
  4 ball pythons
  5 endoplasms
  3 giant cockroaches
  4 goblins
  7 hobgoblins
  4 jackals (D:3)
  15 kobolds
  4 quokkas
  9 bats
  7 frilled lizards
  9 rats
135 creatures vanquished.

Vanquished Creatures (collateral kills)
  An orc (D:8)
1 creature vanquished.

Vanquished Creatures (others)
  15 plants (D:3)
15 creatures vanquished.

Grand Total: 151 creatures vanquished

Notes
Turn   | Place    | Note
-------+----------+-------------------------------------------
     0 | D:1      | Bruhh the Ogre Transmuter began the quest for the Orb.
     0 | D:1      | Reached XP level 1. HP: 19/19 MP: 3/3
   186 | D:1      | Reached XP level 2. HP: 23/28 MP: 3/5
   268 | D:1      | Reached skill level 2 in Fighting
   619 | D:1      | Reached XP level 3. HP: 35/35 MP: 5/7
   860 | D:1      | Found a faded altar of an unknown god.
   991 | D:1      | Learned a level 1 spell: Sandblast
  1074 | D:1      | Learned a level 3 spell: Spider Form
  1224 | D:2      | Noticed Natasha
  1233 | D:2      | Killed Natasha
  1234 | D:2      | Reached XP level 4. HP: 26/44 MP: 6/8
  1468 | D:2      | Noticed Natasha
  1481 | D:2      | Killed Natasha
  1482 | D:2      | Reached skill level 3 in Fighting
  1660 | D:2      | Found a runed translucent door.
  1661 | D:2      | Noticed Crazy Yiuf
  1724 | D:2      | Noticed Terence
  1733 | D:2      | Killed Terence
  1734 | D:2      | Reached XP level 5. HP: 36/53 MP: 5/10
  2112 | D:2      | Noticed Sigmund
  2131 | D:2      | Killed Sigmund
  2132 | D:2      | Reached skill level 4 in Fighting
  2132 | D:2      | Reached XP level 6. HP: 7/62 MP: 8/12
  2512 | D:2      | Noticed Natasha
  2519 | D:2      | Killed Natasha
  3324 | D:3      | Identified the +7 dagger of Ociobb {vorpal, Fragile Fly
                  | rN++ Int+3}
  4101 | D:3      | Reached XP level 7. HP: 42/71 MP: 11/14
  4511 | D:3      | Reached skill level 5 in Fighting
  4526 | D:3      | Reached skill level 5 in Spellcasting
  5331 | D:4      | Identified the +7 spear "Dolah" {flame, *Corrode rC+ Will+
                  | Dex+3}
  5398 | D:4      | Found Kitywnoupn's Antique Armour Boutique.
  5709 | D:5      | Entered Level 5 of the Dungeon
  5765 | D:5      | Reached skill level 6 in Fighting
  5765 | D:5      | Reached skill level 5 in Unarmed Combat
  6340 | D:5      | Reached XP level 8. HP: 42/84 MP: 11/15
  6517 | D:5      | Reached skill level 7 in Fighting
  7097 | D:6      | You fall into a shaft and drop 2 floors!
  7383 | D:8      | HP: 2/88 [orc warrior/+2 long sword of electrocution (12)]
  7384 | D:8      | Slain by an orc warrior

Illustrated notes

Levels and vault maps discovered:
D:1:      minmay_arrival_doors, layout_basic,
          hellmonk_ecumenical_altar_heavens_door
D:2:      layout_basic, uniq_terence, uniq_sigmund, uniq_crazy_yiuf_cottage,
          uniq_natasha
D:3:      layout_basic, nicolae_grassy_gnolls
D:4:      layout_gridville, minmay_shop_grid_forest
D:5:      nicolae_cairo_tiling, layout_loops_ring, bh_walls_and_bars
D:6:      layout_basic
D:7:      layout_basic, minmay_temple_entry_grid
D:8:      layout_basic

Skill      XL: |  1  2  3  4  5  6  7  8 |
---------------+-------------------------+-----
Transmutations | 2 3 |  3.0
Fighting       | 2 3 4 6 7 |  7.7
Unarmed Combat | 3 4 5 6 |  6.0
Spellcasting   | 3 4 5 |  5.0
Dodging        | |  1.7

Action                   |  1- 3 |  4- 6 |  7- 9 || total
-------------------------+-------+-------+-------++-------
Melee: Unarmed           |    80 |   155 |    77 ||   312
       Kick              |    16 |    17 |    13 ||    46
       Headbutt          |    15 |     6 |     6 ||    27
       Punch             |       |     3 |     4 ||     7
       Spear             |       |       |    99 ||    99
 Cast: Beastly Appendage |    15 |    32 |    13 ||    60
       Spider Form       |       |     7 |     5 ||    12
  Use: Potion            |       |     1 |     2 ||     3
       Scroll            |       |       |     7 ||     7
 Stab: Sleeping          |       |     1 |     2 ||     3
Armor: Robe              |    41 |    39 |    21 ||   101
Dodge: Dodged            |    48 |   122 |    79 ||   249
Block: Other             |       |       |     6 ||     6
       Reflection        |       |       |     1 ||     1

Table legend: (Time is in decaauts)
 A = Elapsed time spent in this place.
 B = Non-inter-level travel time spent in this place.
 C = Inter-level travel time spent in this place.
 D = Time resting spent in this place.
 E = Time spent auto-exploring this place.
 F = Levels seen in this place.
 G = Mean time per level.
                   A        B        C        D        E       F      G
               +--------+--------+--------+--------+--------+-----+--------+
         Total |   7372 |   7288 |     84 |    564 |   5625 |   8 |  921.5 |
       Dungeon |   7372 |   7288 |     84 |    564 |   5625 |   8 |  921.5 |
               +--------+--------+--------+--------+--------+-----+--------+

Top non-repeatable levels by time:
     D:2: 2392 daAuts
     D:3: 1385 daAuts
     D:5: 1380 daAuts
     D:1: 1086 daAuts
     D:4: 828 daAuts
     D:7: 150 daAuts
     D:8: 139 daAuts
     D:6: 9 daAuts
